 Dungeon Crawl Stone Soup version 0.31.0-32-g396128a36d (webtiles) character file.

Game seed: 6730509212771872602

516 601d51SH the Shield-Bearer (level 7, -3/60 HPs)
             Began as a Gnoll Fighter on Apr 2, 2024.
             Slain by Edmund
             ... wielding a +1 dire flail of distortion
              (5 damage)
             ... on level 4 of the Dungeon.
             The game lasted 00:05:17 (3456 turns).

601d51SH the Shield-Bearer (Gnoll Fighter)          Turns: 3456, Time: 00:05:18

Health: -3/60      AC: 11    Str: 18    XL:     7   Next: 20%
Magic:  10/10      EV: 15    Int:  7    God:
Gold:   90         SH:  5    Dex: 11    Spells: 10/10 levels left

rFire   . . .        r - +1 flail (holy)
rCold   . . .        c - +0 buckler
rNeg    . . .        b - +0 scale mail
rPois   .            (no helmet)
rElec   .            (no cloak)
rCorr   .            (no gloves)
SInv    .            (no boots)
Will    .....        (no amulet)
Stlth   +            f - +5 ring of evasion
HPRegen 0.30/turn    k - +4 ring of protection
MPRegen 0.12/turn

%: no passive effects
@: no status effects
A: fangs 1, strong nose, distributed training
a: no special abilities


You were on level 4 of the Dungeon.
You visited 1 branch of the dungeon, and saw 4 of its levels.

You collected 90 gold pieces.

Inventory:

Hand Weapons
 a - a +0 war axe
 r - a +1 flail of holy wrath (weapon)
 C - a +1 scythe of freezing
Missiles
 n - a throwing net (quivered)
Armour
 b - a +0 scale mail (worn)
 c - a +0 buckler (worn)
Jewellery
 f - a +5 ring of evasion (left hand)
 k - a +4 ring of protection (right hand)
 p - a ring of flight
 t - an amulet of regeneration
Wands
 x - a wand of paralysis (12)
 A - a wand of flame (17)
 B - a wand of polymorph (6)
Scrolls
 e - a scroll of poison {unknown}
 i - a scroll of blinking {unknown}
 j - 2 scrolls of identify {unknown}
 o - a scroll of immolation {unknown}
 q - a scroll of revelation {unknown}
 s - a scroll of vulnerability {unknown}
 w - 2 scrolls of enchant weapon {unknown}
 y - a scroll of noise {unknown}
 z - a scroll of fog {unknown}
Potions
 d - 2 potions of might
 g - a potion of mutation {unknown}
 h - 5 potions of heal wounds {unknown}
 l - 2 potions of lignification {unknown}
 m - 2 potions of enlightenment {unknown}
 u - a potion of degeneration {unknown}
 v - a potion of cancellation {unknown}


   Skills:
 + Level 7.0 Fighting
 + Level 2.4 Short Blades
 + Level 2.4 Long Blades
 + Level 5.2 Axes
 + Level 2.4 Maces & Flails
 + Level 2.4 Polearms
 + Level 2.4 Staves
 + Level 2.4 Ranged Weapons
 + Level 2.4 Throwing
 + Level 7.0 Armour
 + Level 2.4 Dodging
 + Level 2.4 Stealth
 + Level 7.0 Shields
 + Level 2.4 Unarmed Combat
 + Level 2.4 Spellcasting
 + Level 2.0 Conjurations
 + Level 2.0 Hexes
 + Level 2.0 Summonings
 + Level 2.0 Necromancy
 + Level 2.0 Translocations
 + Level 2.0 Fire Magic
 + Level 2.0 Ice Magic
 + Level 2.0 Air Magic
 + Level 2.0 Earth Magic
 + Level 2.0 Alchemy
 + Level 2.7 Invocations
 + Level 2.4 Evocations
 + Level 2.2 Shapeshifting


You had 10 spell levels left.
You didn't know any spells.
Your spell library was empty.

Dungeon Overview and Level Annotations

Branches:
Dungeon (4/15)
 Temple: D:4-7

Altars:
Trog
Uskayaw

Annotations:
D:4 Edmund


Innate Abilities, Weirdness & Mutations

You have very sharp teeth.
Your uncanny sense of smell can sniff out nearby items.
Your experience applies equally to all skills.


Message History

Space warps horribly around you!!
You barely miss Edmund. You bite Edmund, but do no damage.
Edmund is lightly wounded.
Edmund closely misses you.
You hit Edmund but do no damage.
Edmund is lightly wounded.
Edmund closely misses you.
Edmund hits you with a +1 dire flail of distortion.
Space warps horribly around you.
You thump Edmund!
Edmund is moderately wounded.
Edmund hits you with a +1 dire flail of distortion.
* * * LOW HITPOINT WARNING * * *
Space warps around you.
* * * LOW HITPOINT WARNING * * *
You barely miss Edmund.
Edmund is moderately wounded.
You block Edmund's attack.
You hit Edmund.
Edmund is heavily wounded.
Edmund barely misses you.
Unknown command.
You sock Edmund! Your bite misses Edmund.
Edmund is severely wounded.
Edmund misses you.
Edmund hits you with a +1 dire flail of distortion!
* * * LOW HITPOINT WARNING * * *
You blink.
Edmund hits you with a +1 dire flail of distortion.
* * * LOW HITPOINT WARNING * * *
You see here 8 stones.
You block Edmund's attack.
You closely miss Edmund.
Edmund is severely wounded.
Edmund misses you.
You barely miss Edmund.
Edmund is severely wounded.
Edmund hits you but does no damage. Space warps around you.
You die...
Edmund says, "That'll show my brother!"

.!........# .##### #....#
..........+ .....# #....#
..........# #....#######..[.#
..........# #....#.....#....#
..........# #....#.....'....#
..........# #....#.....#....#
...).....†####....##....#....#
.#####'###.....#####....#....#
... #...@.#...#....###'##
..... #..@(.#...#........#
#..... +.....'...#........#
+..... #.....#...'........#
#@.####+#.....#.###....##.<#
#.. #......#######....##..# ∆
#......#..........##..#
#......'..........##'##
#......######.....##..#


You could see Edmund.

Vanquished Creatures
  Sigmund (D:4)
  An ice beast (D:3)
  A scorpion (D:4)
  Natasha (thrice) (D:3)
  5 adders
  3 gnolls (D:4)
  2 dart slugs
  2 ribbon worms
  7 orcs (D:3)
  6 ball pythons
  6 bats
  7 endoplasms
  5 goblins
  6 hobgoblins
  2 quokkas
  A frilled lizard (D:1)
  A kobold (D:3)
  7 rats
66 creatures vanquished.

Notes
Turn   | Place    | Note
-------+----------+-------------------------------------------
     0 | D:1      | 601d51SH the Gnoll Fighter began the quest for the Orb.
     0 | D:1      | Reached XP level 1. HP: 23/23 MP: 1/1
   182 | D:1      | Reached XP level 2. HP: 29/29 MP: 2/2
   676 | D:1      | Found a faded altar of an unknown god.
  1126 | D:2      | Reached XP level 3. HP: 35/35 MP: 3/3
  1161 | D:2      | Reached skill level 1 in Invocations
  1290 | D:2      | Reached skill level 1 in Short Blades
  1290 | D:2      | Reached skill level 1 in Long Blades
  1290 | D:2      | Reached skill level 1 in Maces & Flails
  1290 | D:2      | Reached skill level 1 in Polearms
  1290 | D:2      | Reached skill level 1 in Staves
  1290 | D:2      | Reached skill level 1 in Ranged Weapons
  1290 | D:2      | Reached skill level 1 in Throwing
  1290 | D:2      | Reached skill level 1 in Dodging
  1290 | D:2      | Reached skill level 1 in Stealth
  1290 | D:2      | Reached skill level 1 in Unarmed Combat
  1290 | D:2      | Reached skill level 1 in Spellcasting
  1290 | D:2      | Reached skill level 1 in Evocations
  1644 | D:2      | Reached skill level 1 in Shapeshifting
  1644 | D:2      | Reached XP level 4. HP: 41/41 MP: 5/5
  1827 | D:3      | Reached skill level 1 in Conjurations
  1827 | D:3      | Reached skill level 1 in Hexes
  1827 | D:3      | Reached skill level 1 in Summonings
  1827 | D:3      | Reached skill level 1 in Necromancy
  1827 | D:3      | Reached skill level 1 in Translocations
  1827 | D:3      | Reached skill level 1 in Fire Magic
  1827 | D:3      | Reached skill level 1 in Ice Magic
  1827 | D:3      | Reached skill level 1 in Air Magic
  1827 | D:3      | Reached skill level 1 in Earth Magic
  1827 | D:3      | Reached skill level 1 in Alchemy
  2070 | D:3      | Found a bloodstained altar of Trog.
  2157 | D:3      | Reached XP level 5. HP: 47/47 MP: 5/7
  2265 | D:3      | Noticed an ice beast
  2275 | D:3      | Killed an ice beast
  2303 | D:3      | Noticed Natasha
  2313 | D:3      | Killed Natasha
  2314 | D:3      | Reached XP level 6. HP: 40/53 MP: 8/8
  2610 | D:4      | Reached skill level 5 in Axes
  2666 | D:4      | Noticed Sigmund
  2818 | D:3      | Noticed Natasha
  2828 | D:3      | Killed Natasha
  2865 | D:3      | Found a hide-covered altar of Uskayaw.
  2930 | D:3      | Noticed Natasha
  2937 | D:3      | Killed Natasha
  2965 | D:4      | Killed Sigmund
  2966 | D:4      | Reached XP level 7. HP: 60/60 MP: 10/10
  3428 | D:4      | Noticed Edmund
  3451 | D:4      | HP: 1/60 [Edmund/+1 dire flail of distortion (9)]
  3456 | D:4      | Slain by Edmund

Illustrated notes

Levels and vault maps discovered:
D:1:      minmay_arrival_split_and_join, layout_basic,
          shapermc_ecumenical_altar_ellora, minmay_misc_feat_tower
D:2:      layout_basic
D:3:      layout_basic, lemuel_crystal_altar, nicolae_overflow_hidden_temple,
          uniq_natasha
D:4:      layout_gridville, uniq_sigmund, uniq_edmund, uniq_eustachio

Skill      XL: |  1  2  3  4  5  6  7 |
---------------+----------------------+-----
Invocations    | 1 2 |  2.7
Short Blades   | 1 2 |  2.4
Long Blades    | 1 2 |  2.4
Maces & Flails | 1 2 |  2.4
Polearms       | 1 2 |  2.4
Staves         | 1 2 |  2.4
Ranged Weapons | 1 2 |  2.4
Throwing       | 1 2 |  2.4
Dodging        | 1 2 |  2.4
Stealth        | 1 2 |  2.4
Unarmed Combat | 1 2 |  2.4
Spellcasting   | 1 2 |  2.4
Evocations     | 1 2 |  2.4
Shapeshifting  | 1 2 |  2.2
Conjurations   | 1 2 |  2.0
Hexes          | 1 2 |  2.0
Summonings     | 1 2 |  2.0
Necromancy     | 1 2 |  2.0
Translocations | 1 2 |  2.0
Fire Magic     | 1 2 |  2.0
Ice Magic      | 1 2 |  2.0
Air Magic      | 1 2 |  2.0
Earth Magic    | 1 2 |  2.0
Alchemy        | 1 2 |  2.0
Axes           | 5 |  5.2
Fighting       | 7 |  7.0
Armour         | 7 |  7.0
Shields        | 7 |  7.0

Action                     |  1- 3 |  4- 6 |  7- 9 || total
---------------------------+-------+-------+-------++-------
  Melee: War axe           |    95 |    13 |       ||   108
         Bite              |     4 |     7 |     3 ||    14
         Flail             |       |    98 |    15 ||   113
         Unarmed           |       |     3 |       ||     3
 Armour: Scale mail        |    48 |    58 |     9 ||   115
         Skin              |       |     7 |       ||     7
  Dodge: Dodged            |    44 |    62 |    10 ||   116
  Block: Buckler           |    16 |    36 |     3 ||    55
